 Dungeon Crawl Stone Soup version 0.28.0-53-g5a82cb258f (webtiles) character file.

Game seed: 6937916486877304033

6845 Peloso the Carver (level 10, -36/88 HPs)
             Began as a Minotaur Fighter on Aug 19, 2022.
             Was a High Priest of Okawaru.
             Annihilated by a white very ugly thing (44 damage)
             ... on level 1 of the Abyss.
             The game lasted 00:17:37 (10591 turns).

Peloso the Carver (Minotaur Fighter)               Turns: 10591, Time: 00:17:38

Health: -36/88     AC: 20    Str: 23    XL:     10   Next: 78%
Magic:  10/10      EV: 28    Int:  5    God:    Okawaru [*****.]
Gold:   463        SH:  5    Dex: 12    Spells: 9/9 levels left

rFire   . . .      SeeInvis .   a - +2 scimitar (freeze)
rCold   . . .      Faith    .   c - +0 buckler
rNeg    . . .      Spirit   .   b - +1 acid dragon scales
rPois   .          Reflect  .   u - +1 hat
rElec   .          Harm     .   z - +0 cloak
rCorr   +          Rampage  .   (no gloves)
Will    .....                   y - +0 pair of boots
Stlth   ++........              t - amulet of the acrobat
HPRegen 0.24/turn               r - +4 ring of protection
MPRegen 0.12/turn               x - +4 ring of protection

@: acrobatic
A: horns 2, retaliatory headbutt
a: Renounce Religion, Heroism, Finesse, Duel


You were on level 1 of the Abyss.
You worshipped Okawaru.
Okawaru was extremely pleased with you.
You visited 2 branches of the dungeon, and saw 10 of its levels.
You visited the Abyss 1 time.

You collected 463 gold pieces.

Inventory:

Hand Weapons
 a - a +2 scimitar of freezing (weapon)
Armour
 b - +1 acid dragon scales (worn)
 c - a +0 buckler (worn)
 u - a +1 hat (worn)
 y - a +0 pair of boots (worn)
 z - a +0 cloak (worn)
Jewellery
 r - a +4 ring of protection (left hand)
 t - an amulet of the acrobat (around neck)
 x - a +4 ring of protection (right hand)
Wands
 n - a wand of polymorph (20)
 p - a wand of iceblast (12)
 w - a wand of paralysis (6)
Scrolls
 d - 2 scrolls of noise
 e - a scroll of fear
 j - a scroll of magic mapping {unknown}
 m - 4 scrolls of enchant armour
 A - a scroll of torment {unknown}
Potions
 f - 4 potions of haste
 g - a potion of magic
 h - a potion of flight
 i - a potion of invisibility
 k - 5 potions of curing
 l - 2 potions of brilliance {unknown}
 o - a potion of degeneration {unknown}
 q - 2 potions of heal wounds {unknown}
 v - 2 potions of mutation {unknown}


   Skills:
 + Level 8.2 Fighting
 + Level 13.2 Long Blades
 + Level 8.2 Armour
 + Level 6.2 Dodging
 + Level 3.1 Stealth
 + Level 6.9 Shields
 + Level 1.0 Unarmed Combat
 + Level 1.3 Invocations
 + Level 0.7 Evocations


You had 9 spell levels left.
You didn't know any spells.
Your spell library contained the following spells:

 Spells                   Type           Power      Damage    Failure   Level
 Corpse Rot               Necr/Air       0%         N/A       77%         2
 Airstrike                Air            0%         N/A       100%        4
 Cause Fear               Hex            0%         N/A       100%        4
 Dispel Undead            Necr           0%         3d6       100%        4
 Blade Hands              Tmut           0%         N/A       100%        5
 Lightning Bolt           Conj/Air       0%         1d11      100%        5
 Iron Shot                Conj/Erth      0%         9d1       100%        6
 Dragon Form              Tmut           0%         N/A       100%        7
 Animate Armour           Summ/Erth      Unusable   N/A       N/A         4
 Summon Lightning Spire   Summ/Air       Unusable   N/A       N/A         4
 Death Channel            Necr           Unusable   N/A       N/A         6
 Dragon's Call            Summ           Unusable   N/A       N/A         9

Dungeon Overview and Level Annotations

Branches:
Dungeon (9/15)             Temple (1/1) D:4            Lair (0/6) D:8
    Orc: D:9-12

Altars:
Cheibriados
Dithmenos
Hepliaklqana
Makhleb
Okawaru
Sif Muna
Trog
Uskayaw
Vehumet
Wu Jian
Xom
Zin
The Shining One

Shops:
D:5 *   D:7 ?

Annotations:
D:7 2 transporters, glosham's ghost, amateur DjCA


Innate Abilities, Weirdness & Mutations

You have a pair of horns on your head.
You reflexively headbutt those who attack you in melee.


Message History

The small abomination misses you. You furiously retaliate!
You headbutt the small abomination.
The rakshasa weaves an illusion.
The large abomination shimmers and seems to become two!
The large abomination completely misses you.
You furiously retaliate!
You headbutt the large abomination, but do no damage.
The thrashing horror completely misses you.
The thrashing horror barely misses you.
The large abomination completely misses you.
You furiously retaliate!
You headbutt the large abomination, but do no damage.
You block the large abomination's attack.
The thrashing horror tramples you but does no damage.
The thrashing horror completely misses you.
The thrashing horror misses you. You furiously retaliate!
You headbutt the thrashing horror!
The thrashing horror completely misses you.
The small abomination hits you but does no damage.
You block the large abomination's attack.
You are suddenly pulled into a different region of the Abyss!
The large abomination shimmers and vanishes!
A white very ugly thing comes into view.
The white very ugly thing gurgles horribly!
The white very ugly thing kicks you! The white very ugly thing freezes you!!
* * * LOW HITPOINT WARNING * * *
As you read the scroll of fear, it crumbles to dust.
You assume a fearsome visage.
The white very ugly thing looks frightened!
You block the white very ugly thing's attack.
The white very ugly thing completely misses you.
Found a gateway leading deeper into the Abyss.
A lich comes into view.
The lich shouts!
The lich conjures a glowing orb.
The white very ugly thing kicks you!
* * * LOW HITPOINT WARNING * * *
The white very ugly thing freezes you!!!
Ouch! That really hurt!
You die...

.#..........#.. #
.#...#...#...##.# ..
#...#.#. ##....# .#
#...#....#..>..#
.##### ##
#####....######.....#
###..#........## #...
.##..........#
###..#..#........#
..L...##.u@.....#
#...### #........#
..### ...........+ .
..###........#
###.###### .## #


You could see a white very ugly thing.

Vanquished Creatures
  2 two-headed ogres
  Maurice (D:8)
  3 komodo dragons (D:8)
  A troll (D:6)
  A hornet (D:9)
  Sigmund (D:6)
  A wyvern (D:9)
  A basilisk (D:8)
  A steam dragon (D:8)
  Menkaure (D:5)
  An acid dragon (D:4)
  A swamp drake (D:8)
  3 water moccasins
  An orc warrior (D:7)
  A sky beast (D:6)
  3 black bears
  5 ogres
  3 centaurs
  3 kobold brigands
  4 bullfrogs
  A gnoll sergeant (D:8)
  2 scorpions
  A water moccasin zombie (D:6)
  2 water moccasin skeletons (D:5)
  7 wights
  A bullfrog zombie (D:5)
  3 hounds
  3 bullfrog skeletons
  A centaur skeleton (D:5)
  3 jellies
  2 orc priests
  2 iguanas
  5 orc wizards
  Natasha (thrice) (D:3)
  Terence (D:3)
  2 hound skeletons
  13 gnolls
  10 adders
  A shadow imp (D:7)
  3 white imps
  An adder skeleton (D:4)
  2 worms (D:3)
  2 dart slugs
  29 orcs
  5 ball pythons
  7 bats
  9 endoplasms
  4 giant cockroaches
  A hobgoblin (D:4)
  14 jackals
  14 kobolds
  2 quokkas
  4 frilled lizards
  6 goblins
  3 rats (D:1)
207 creatures vanquished.

Vanquished Creatures (others)
  A wyvern (D:8)
  An orc wizard (D:4)
  A fungus (D:1)
  3 plants (D:1)
6 creatures vanquished.

Grand Total: 213 creatures vanquished

Notes
Turn   | Place    | Note
-------+----------+-------------------------------------------
     0 | D:1      | Peloso the Minotaur Fighter began the quest for the Orb.
     0 | D:1      | Reached XP level 1. HP: 19/19 MP: 0/0
    44 | D:1      | Reached XP level 2. HP: 27/27 MP: 1/1
   552 | D:1      | Reached XP level 3. HP: 30/33 MP: 2/2
   908 | D:1      | Found a faded altar of an unknown god.
  1044 | D:2      | Reached skill level 3 in Long Blades
  1337 | D:2      | Reached XP level 4. HP: 34/40 MP: 3/3
  2452 | D:3      | Reached skill level 4 in Long Blades
  2452 | D:3      | Reached XP level 5. HP: 22/46 MP: 4/4
  2642 | D:3      | Reached skill level 5 in Armour
  2904 | D:3      | Found Fagai's Distillery.
  2948 | D:3      | Noticed Natasha
  2957 | D:3      | Killed Natasha
  3033 | D:3      | Noticed Natasha
  3040 | D:3      | Killed Natasha
  3041 | D:3      | Reached skill level 1 in Dodging
  3043 | D:3      | Noticed Terence
  3098 | D:3      | Noticed Natasha
  3269 | D:3      | Killed Natasha
  3278 | D:3      | Killed Terence
  3412 | D:4      | Found a shimmering blue altar of Sif Muna.
  3569 | D:4      | Reached XP level 6. HP: 52/52 MP: 5/5
  3694 | D:4      | Noticed an acid dragon
  3697 | D:4      | Killed an acid dragon
  3804 | D:4      | Reached skill level 5 in Long Blades
  4297 | D:4      | Found a staircase to the Ecumenical Temple.
  4304 | Temple   | Entered the Ecumenical Temple
  4359 | Temple   | Became a worshipper of Warmaster Okawaru
  4530 | D:5      | Entered Level 5 of the Dungeon
  4542 | D:5      | Reached XP level 7. HP: 46/60 MP: 6/6
  4690 | D:5      | Reached skill level 1 in Unarmed Combat
  4760 | D:5      | Reached skill level 5 in Fighting
  4855 | D:5      | Reached skill level 6 in Long Blades
  4927 | D:5      | Reached * piety under Okawaru
  5294 | D:5      | Reached skill level 7 in Long Blades
  5311 | D:5      | Found Yteuv's General Store.
  5322 | D:5      | Reached XP level 8. HP: 66/68 MP: 7/7
  6026 | D:6      | Reached skill level 1 in Stealth
  6026 | D:6      | Reached skill level 5 in Shields
  6110 | D:6      | Noticed Menkaure
  6134 | D:5      | Killed Menkaure
  6135 | D:5      | Reached skill level 8 in Long Blades
  6385 | D:6      | Noticed a troll
  6403 | D:6      | Killed a troll
  6403 | D:6      | Reached ** piety under Okawaru
  6628 | D:6      | Reached skill level 9 in Long Blades
  6706 | D:6      | Reached XP level 9. HP: 50/78 MP: 8/8
  6757 | D:6      | Reached *** piety under Okawaru
  7013 | D:6      | Noticed Sigmund
  7029 | D:6      | Killed Sigmund
  7030 | D:6      | Reached skill level 10 in Long Blades
  7234 | D:7      | Found Jiricw's Magic Scroll Shop.
  7279 | D:7      | Reached skill level 5 in Dodging
  7564 | D:7      | Reached skill level 11 in Long Blades
  7641 | D:7      | Noticed glosham's ghost (amateur DjCA)
  7641 | D:7      | Noticed a moth of wrath
  7651 | D:7      | Found a bloodstained altar of Trog.
  7658 | D:7      | Found a transporter.
  7663 | D:7      | Found a transporter.
  8231 | D:8      | Reached **** piety under Okawaru
  8535 | D:8      | Noticed Maurice
  8549 | D:8      | Killed Maurice
  8550 | D:8      | Reached skill level 12 in Long Blades
  8550 | D:8      | Reached XP level 10. HP: 76/85 MP: 9/9
  9118 | D:8      | Noticed a two-headed ogre
  9128 | D:8      | Killed a two-headed ogre
  9505 | D:8      | Reached ***** piety under Okawaru
  9622 | D:8      | Found a staircase to the Lair.
  9885 | D:9      | Identified the +7 quarterstaff "Piah" {pain, Will+ MP+9}
  9921 | D:9      | Reached skill level 1 in Invocations
 10010 | D:9      | Reached skill level 13 in Long Blades
 10012 | D:9      | Noticed a two-headed ogre
 10028 | D:9      | Killed a two-headed ogre
 10426 | D:9      | Cast into level 1 of the Abyss (gnoll)
 10456 | Abyss:1  | Noticed a rakshasa
 10516 | Abyss:1  | Noticed a wretched star
 10535 | Abyss:1  | Noticed a thrashing horror
 10543 | Abyss:1  | Noticed a large abomination
 10557 | Abyss:1  | Noticed a white very ugly thing
 10586 | Abyss:1  | Noticed a lich
 10591 | Abyss:1  | Annihilated by a white very ugly thing

Illustrated notes

Levels and vault maps discovered:
D:1:      saegor_arrival_simple_a, layout_basic, serial_forest,
          infiniplex_forest_straight_4, infiniplex_forest_clump_curved,
          infiniplex_forest_lined_room_2, infiniplex_forest_clump_curved,
          infiniplex_forest_lined_2, infiniplex_forest_clump_long,
          infiniplex_forest_lined_corner, shapermc_ecumenical_altar_hornbeckon
D:2:      layout_basic, hex_intersection
D:3:      layout_rooms, serial_shops, shop_statue, item_on_display_a,
          uniq_natasha, uniq_terence
D:4:      layout_loops_ring, led_sif_book, minmay_temple_entry_junction,
          chequers_serial_rivers_room_b, minmay_misc_feat_ornament
D:5:      layout_loops_corners, serial_shops, shop, roderic_filled_cross,
          kennysheep_generic_room_3
D:6:      layout_basic, minmay_bent, uniq_sigmund, uniq_menkaure
D:7:      layout_gridville, gammafunk_ghost_wrathful_warriors, serial_shops,
          shop
D:8:      layout_loops_ring, erik_lair_dragon, chequers_jeans, uniq_maurice
D:9:      layout_cross, nicolae_overflow_hidden_temple, nicolae_zen_rock_garden
Temple:   mainiacjoe_temple_bowtie_tessellation
Abyss:1:  base: D:2, hangedman_classic_abyss_death

Skill      XL: |  1  2  3  4  5  6  7  8  9 10 |
---------------+-------------------------------+-----
Armour         | 4 5 6 7 8 |  8.2
Shields        | 4 5 6 |  6.9
Fighting       | 4 5 6 7 8 |  8.2
Long Blades    | 3 4 5 7 9 12 13 | 13.2
Dodging        | 2 3 4 5 6 |  6.2
Unarmed Combat | 1 |  1.0
Stealth        | 1 3 |  3.1
Invocations    | 1 |  1.3
Evocations     | |  0.7

Action                   |  1- 3 |  4- 6 |  7- 9 | 10-12 || total
-------------------------+-------+-------+-------+-------++-------
Melee: Long sword        |    91 |   147 |   299 |   103 ||   640
       Headbutt          |    14 |    15 |    68 |    24 ||   121
       Unarmed           |       |    10 |       |       ||    10
       Scimitar          |       |       |       |    12 ||    12
Invok: Heroism           |       |       |     4 |     3 ||     7
Evoke: Wand              |       |     3 |     1 |     3 ||     7
  Use: Scroll            |     3 |     4 |     5 |     4 ||    16
       Potion            |     1 |     1 |       |       ||     2
 Stab: Paralysed         |       |       |     6 |       ||     6
       Sleeping          |       |       |       |     1 ||     1
Armor: Scale mail        |    54 |    71 |       |       ||   125
       Acid dragon scale |       |     3 |   110 |    63 ||   176
Dodge: Dodged            |    42 |    77 |   145 |    93 ||   357
Block: Buckler           |    21 |    29 |    74 |    49 ||   173
